 Dungeon Crawl Stone Soup version 0.22-a0-252-gcace5d2 (webtiles) character file.

16 4thArraOfDagon the Ducker (level 2, 0/14 HPs)
             Began as a Felid Chaos Knight on Mar 2, 2018.
             Slain by a hound (4 damage)
             ... on level 4 of the Dungeon.
             The game lasted 00:01:33 (298 turns).

4thArraOfDagon the Ducker (Felid Chaos Knight)       Turns: 298, Time: 00:01:34

Health: 0/14       AC:  1    Str: 13    XL:     2   Next: 37%
Magic:  3/3        EV: 18    Int: 13    God:    Xom [..*...]
Gold:   26         SH:  0    Dex: 15    Spells: 1/1 levels left
                                        Lives:  0   Deaths: 0

rFire    . . .     SeeInvis +     - Unarmed
rCold    . . .     Gourm    .   (shield unavailable)
rNeg     . . .     Faith    .   (armour unavailable)
rPois    .         Spirit   .   (helmet unavailable)
rElec    .         Reflect  .   (cloak unavailable)
rCorr    .         Harm     .   (gloves unavailable)
MR       .....                  (boots unavailable)
Stlth    ++........             (no amulet)
HPRegen  0.04/turn              (no ring)
MPRegen  0.08/turn              (no ring)

@: mighty, quick
A: very small, no armour, no weapons or thrown items, stealth, claws 1, fangs 3,
see invisible, carnivore, speed 1, shaggy fur 1, slow metabolism 1, sharp paws
a: Renounce Religion


You were on level 4 of the Dungeon.
You worshipped Xom.
You were a toy of Xom.
You were completely stuffed.

You visited 1 branch of the dungeon, and saw 4 of its levels.

You collected 26 gold pieces.

Inventory:

Potions
 d - a potion of brilliance
Comestibles
 a - a ration


   Skills:
 - Level 3.0 Fighting
 + Level 3.5 Dodging
 * Level 2.0 Stealth
 + Level 3.2 Unarmed Combat


You had one spell level left.
You didn't know any spells.

Dungeon Overview and Level Annotations

Branches:
Dungeon (4/15)
 Temple: D:4-7

Altars:
Elyvilon
Qazlal


Innate Abilities, Weirdness & Mutations

You cannot wear armour.
You are incapable of wielding weapons or throwing items.
Your paws allow you to move quietly. (Stealth)
You have sharp claws.
You have razor-sharp teeth.
You have supernaturally acute eyesight. (SInv)
You are carnivorous and can eat meat at any time.
You cover ground quickly.
You are covered in fur. (AC +1)
You have a slow metabolism.
Your sharp claws are effective at attacking unaware monsters.


Message History

A worker ant comes into view.
Found a spear.
You hear the slow rusting of a very distant drain.
You see here a spear.
A hound comes into view.
The hound bites you.
* * * LOW HITPOINT WARNING * * *
Unknown command.
It was a potion of might.
You feel very mighty all of a sudden.
Xom is mildly amused.
The hound completely misses you.
Unknown command.
You barely miss the hound. The hound misses you. x2
Unknown command.
You closely miss the hound. You bite the hound.
The hound is moderately wounded.
The hound bites you.
You die...
Xom bursts into laughter!

......## ...... #
###....# #. ......###
####..##.......
...........#
####..##....##
......h@.....##.##.
.###..##...)....... #.
#....######.
###.[##....######
................#
########..##...####......
#.. .........### ..... .
#.. .........# ..#. .#
#.######.##..# ... ..


You could see a hound.

Vanquished Creatures
  An adder (D:3)
  A hobgoblin (D:1)
  A quokka (D:2)
  2 goblins (D:2)
  2 kobolds
  A rat (D:1)
8 creatures vanquished.

Notes
Turn   | Place    | Note
-------+----------+-------------------------------------------
     0 | D:1      | 4thArraOfDagon the Felid Chaos Knight began the quest for the Orb.
     0 | D:1      | Reached XP level 1. HP: 10/10 MP: 2/2
   129 | D:2      | Reached skill level 1 in Stealth
   145 | D:2      | Found a white marble altar of Elyvilon.
   150 | D:3      | Found a stormy altar of Qazlal.
   172 | D:3      | Reached XP level 2. HP: 4/14 MP: 3/3
   184 | D:3      | XOM: divination: detect creatures
   298 | D:4      | Slain by a hound

Vault maps used:
D:1:      minmay_arrival_stone_box
D:2:      overflow_temple_1_default, first_ration
D:3:      grunt_qazlal_clouds, uniq_sigmund, uniq_terence
D:4:      nicolae_overflow_crystal_walls, minmay_overflow_temple_star_quad,
          nicolae_tso_besieged_by_evil, cheibrodos_sewer_entry_sluice,
          kennysheep_nondescript, bh_walls_and_bars

Skill      XL: |  1 |
---------------+----+-----
Stealth        | 2 |  2.0
Fighting       | |  3.0
Dodging        | |  3.5
Unarmed Combat | |  3.2

Action                   || total
-------------------------++-------
Melee: Unarmed           ||    24
       Bite              ||     4
  Use: Potion            ||     2
       Scroll            ||     2
 Stab: Sleeping          ||     2
  Eat: Chunk             ||     6
Dodge: Dodged            ||    18

Table legend:
 A = Spawn XP
 B = Non-spawn XP
 C = Spawn XP percentage of total XP
 D = Spawn monster count
 E = Non-spawn monster count
 F = Spawn count percentage of total count
 G = Total turns spent on level
                    A         B        C        D         E        F      G
               +---------+---------+-------+---------+---------+-------+---------
         Total |       0 |      23 |   0.0 |       0 |       8 |   0.0 |   298
               +---------+---------+-------+---------+---------+-------+---------
           D:1 |       0 |       3 |   0.0 |       0 |       2 |   0.0 |    90
           D:2 |       0 |       6 |   0.0 |       0 |       4 |   0.0 |    58
           D:3 |       0 |      14 |   0.0 |       0 |       2 |   0.0 |    81
               +---------+---------+-------+---------+---------+-------+---------
